 Dungeon Crawl Stone Soup version 0.19.0-20-gbc5f0c6 (webtiles) character file.

112 dracos369 the Slasher (level 4, 0/42 HPs)
             Began as a Tengu Abyssal Knight on Nov 17, 2016.
             Was a Priest of Lugonu.
             Slain by an adder (2 damage)
             ... on level 4 of the Dungeon.
             The game lasted 00:05:59 (2351 turns).

dracos369 the Slasher (Tengu Abyssal Knight)        Turns: 2351, Time: 00:06:00

Health: 0/42       AC: 22    Str: 12    XL:     4   Next: 93%
Magic:  6/6        EV:  2    Int: 12    God:    Lugonu [***...]
Gold:   190        SH:  3    Dex: 15    Spells: 0 memorised, 3 levels left

rFire  . . .     SeeInvis .     a - +1 falchion
rCold  . . .     Gourm    .     (armour currently unavailable)
rNeg   + + +     Faith    .     r - +0 buckler
rPois  +         Spirit   .     (helmet currently unavailable)
rElec  .         Reflect  .     (cloak currently unavailable)
rCorr  .         Harm     .     (gloves currently unavailable)
MR     .....     NoTele   +     (boots unavailable)
Stlth  +.........               g - amulet of regeneration
                                (no ring)
                                (no ring)

@: lethally poisoned (0 -> -1), tree-form
A: (beak), (talons 0)
a: Depart the Abyss, Bend Space, Banish, Renounce Religion


You were on level 4 of the Dungeon.
You worshipped Lugonu.
Lugonu was most pleased with you.
You were not hungry.
You were a tree.
You visited 1 branch of the dungeon, and saw 4 of its levels.
You visited the Abyss 1 time.

You collected 190 gold pieces.

Inventory:

Hand Weapons
 a - a +1 falchion (weapon)
Missiles
 q - 4 javelins of returning (quivered)
Armour
 b - a +0 leather armour (melded)
 r - a +0 buckler (worn)
Jewellery
 g - an amulet of regeneration (around neck)
Scrolls
 f - 5 scrolls of identify {unknown}
 j - a scroll of amnesia {unknown}
 l - 2 scrolls of teleportation {unknown}
 n - a scroll of remove curse {unknown}
 p - a scroll of fog {unknown}
 s - a scroll of recharging {unknown}
Potions
 e - a potion of lignification
 h - a potion of degeneration {unknown}
 k - a potion of heal wounds {unknown}
 m - a potion of resistance {unknown}
 o - a potion of might {unknown}
 u - a potion of mutation {unknown}
 v - a potion of brilliance {unknown}
 w - a potion of invisibility {unknown}
Comestibles
 c - a bread ration
 d - a chunk of flesh
 i - 2 fruits
 t - a beef jerky
 x - a meat ration


   Skills:
 - Level 3.1 Fighting
 + Level 5.2 Long Blades
 - Level 2.3 Armour
 - Level 1.1 Dodging
 + Level 1.5 Invocations


You had 3 spell levels left.
You didn't know any spells.

Dungeon Overview and Level Annotations

Branches:
Dungeon (4/15)
 Temple: D:4-7

Altars:
Makhleb
Qazlal
Trog


Innate Abilities, Weirdness & Mutations

((You have a beak for a mouth.))
((You have claws for feet.))


Message History

Press: ? - help, Shift-Dir - straight line, f - adder
Aim: an adder (lightly wounded, chance to defeat MR: 86%)
You fail to use your ability.
You feel sick.
The frilled lizard hisses.
The adder bites you.
* * * LOW HITPOINT WARNING * * *
It was a potion of lignification.
You turn into a tree.
Your +0 leather armour melds into your body.
Your roots penetrate the ground.
You feel sick. The adder bites you.
* * * LOW HITPOINT WARNING * * *
You closely miss the adder.
The adder is lightly wounded.
You feel sick.
The adder bites you but does no damage. x2
You closely miss the adder.
The adder is lightly wounded.
You feel sick. The adder bites you but does no damage.
You hit the adder.
The adder is heavily wounded.
You feel sick. The adder bites you.
You die...

# # # #######.# #
#.......#
##############.#######
##...............#
##.###########.#.# ##
##.# #.#.# ###... ##.#
#.#♣##.l.... ##.#
#.#S#...#.## ##.#
#.#l........ ...# ##
#.###...#... #### ...
#.. ....... #######...
#.#.... .......... ..
... #.....#... .#. ..
.......... #.. .


You could see an adder and a frilled lizard.

Vanquished Creatures
  2 adders
  3 worms
  2 dart slugs
  2 leopard geckos
  6 orcs
  9 bats
  4 giant cockroaches
  3 goblins
  7 hobgoblins
  4 jackals (D:1)
  2 quokkas
  2 frilled lizards
  12 kobolds
  15 rats
73 creatures vanquished.

Vanquished Creatures (others)
  A kobold (D:3)
1 creature vanquished.

Grand Total: 74 creatures vanquished

Notes
Turn   | Place    | Note
-------+----------+-------------------------------------------
     0 | Abyss:1  | dracos369 the Tengu Abyssal Knight began the quest for the Orb.
     0 | Abyss:1  | Reached XP level 1. HP: 14/14 MP: 3/3
    15 | D:1      | Escaped the Abyss
    52 | D:1      | Reached XP level 2. HP: 13/19 MP: 4/4
   294 | D:1      | Reached skill level 3 in Long Blades
   323 | D:1      | Reached ** piety under Lugonu
   492 | D:1      | Reached XP level 3. HP: 23/23 MP: 5/5
  1033 | D:2      | Reached skill level 4 in Long Blades
  1216 | D:2      | Reached XP level 4. HP: 28/28 MP: 6/6
  1234 | D:2      | Found a bloodstained altar of Trog.
  1530 | D:3      | Found a burning altar of Makhleb.
  1581 | D:3      | Reached *** piety under Lugonu
  1697 | D:3      | Reached skill level 5 in Long Blades
  2097 | D:3      | Found a stormy altar of Qazlal.
  2351 | D:4      | HP: 2/42 [poisoned by an adder]
  2351 | D:4      | Slain by an adder

Skill      XL: |  1  2  3  4 |
---------------+-------------+-----
Long Blades    | 3 4 5 |  5.2
Fighting       | |  3.1
Armour         | |  2.3
Dodging        | |  1.1
Invocations    | |  1.5

Action                   |  1- 3 |  4- 6 || total
-------------------------+-------+-------++-------
Melee: Falchion          |    86 |   100 ||   186
       Kick              |    18 |    30 ||    48
       Peck              |    13 |    16 ||    29
  Use: Potion            |       |     1 ||     1
 Stab: Sleeping          |     2 |     1 ||     3
  Eat: Chunk             |     1 |     4 ||     5
Armor: Leather armour    |    35 |    22 ||    57
       Skin              |       |     3 ||     3
Dodge: Dodged            |    50 |    51 ||   101
Block: Buckler           |       |     7 ||     7
       Rpst.: Falchion   |    20 |    14 ||    34
